 Dungeon Sprint DCSS version 0.30-a0-1161-g0704695555 (webtiles) character file.

Game seed: 1286092486680053791

2257 sircluck the Severer (level 9, -2/144 HPs)
             Began as a Hill Orc Berserker on Apr 27, 2023.
             Was a High Priest of Trog.
             Slain by a white ugly thing (7 damage)
             ... in the Dungeon (Sprint IX: "|||||||||||||||||||||||||||||").
             The game lasted 00:00:56 (311 turns).

sircluck the Severer (Hill Orc Berserker)            Turns: 311, Time: 00:00:57

Health: -2/144     AC: 11    Str: 30    XL:     9   Next: 37%
Magic:  9/9        EV: 12    Int:  7    God:    Trog [*****.]
Gold:   0          SH:  0    Dex: 10    Spells: 8/8 levels left

rFire   . . .        p - +3 war axe (heavy)
rCold   . . .        (no shield)
rNeg    . . .        m - +1 scale mail
rPois   .            (no helmet)
rElec   .            n - +0 cloak
rCorr   .            o - +0 pair of gloves
SInv    .            (no boots)
Will    .....        (no amulet) Stlth
                     k - +3 ring of strength
HPRegen 0.44/turn    l - +3 ring of strength
MPRegen 0.11/turn

%: no teleportation
@: berserking, very quick
A: no striking features
a: Renounce Religion, Berserk, Trog's Hand, Brothers in Arms


You were in the Dungeon.
You worshipped Trog.
Trog was extremely pleased with you.
You visited 1 branch

Inventory:

Hand Weapons
 a - a +0 hand axe
 p - a +3 heavy war axe (weapon)
Armour
 b - a +0 animal skin
 m - a +1 scale mail (worn)
 n - a +0 cloak (worn)
 o - a +0 pair of gloves (worn)
Jewellery
 k - a +3 ring of strength (left hand)
 l - a +3 ring of strength (right hand)
Wands
 j - a wand of roots (10)
Scrolls
 h - 2 scrolls of blinking
Potions
 c - 5 potions of curing
 d - 3 potions of heal wounds
 e - a potion of haste
 f - 4 potions of magic
 g - a potion of berserk rage
 i - a potion of invisibility


   Skills:
 + Level 14.8 Fighting
 + Level 17.8 Axes
 + Level 7.5 Armour
 + Level 6.5 Dodging


You had 8 spell levels left.
You didn't know any spells.
Your spell library was empty.

Dungeon Overview and Level Annotations

Branches:
Dungeon (1/1)

Altars:
Cheibriados
Dithmenos
Elyvilon
Fedhas
Gozag
Hepliaklqana
Kikubaaqudgha
Makhleb
Nemelex Xobeh
Okawaru
Qazlal
Ru
Sif Muna
Trog
Uskayaw
Vehumet
Wu Jian
Xom
Yredelemnul
Zin
The Shining One
Beogh
Jiyva
Lugonu


Message History

You slice the centaur warrior!!
The centaur warrior is severely wounded.
The centaur warrior hits you.
The centaur warrior kicks you but does no damage.
You closely miss the centaur warrior.
The centaur warrior is severely wounded.
The centaur warrior hits you!
The centaur warrior kicks you but does no damage.
The centaur warrior hits you but does no damage.
The centaur warrior kicks you but does no damage.
The kobold demonologist miscasts a cantrip.
You slash the centaur warrior!
The centaur warrior is almost dead.
The centaur warrior completely misses you.
The centaur warrior kicks you but does no damage.
The kobold demonologist casts a spell.
You slice the centaur warrior!!
You kill the centaur warrior!
Trog accepts your kill.
Your Axes skill increases to level 17!
Your Armour skill increases to level 7!
You slice the white ugly thing!!
The white ugly thing is moderately wounded.
The white ugly thing barely misses you.
You barely miss the white ugly thing.
The white ugly thing is moderately wounded.
The white ugly thing kicks you! The white ugly thing freezes you!!
* * * LOW HITPOINT WARNING * * *
The shadow slips into darkness.
The shadow flickers and vanishes!
Deactivating autopickup; reactivate with Ctrl-A.
A red film seems to cover your vision as you go berserk!
You feel yourself moving faster!
You feel mighty! The white ugly thing kicks you!
* * * LOW HITPOINT WARNING * * *
The white ugly thing freezes you!!
* * * LOW HITPOINT WARNING * * *
You slice the white ugly thing!!
The white ugly thing is severely wounded.
The white ugly thing kicks you!
You die...

▓.▓
▓)▓
▓)▓
▓†▓
▓.▓
▓.▓
▓.▓
▓.▓
▓@▓
▓u▓
▓{▓
▓p▓
▓O▓
▓K▓
▓.▓
▓+▓


You could see a white ugly thing, a two-headed ogre, a kobold demonologist and a
human.

Vanquished Creatures
  A centaur warrior (D)
  2 two-headed ogres (D)
  2 yaks (D)
  An orc warrior (D)
  A scorpion (D)
  A howler monkey (D)
  An iguana (D)
  An adder (D)
  A shadow imp (D)
  An orc (D)
  A bat (D)
  A giant cockroach (D)
  A goblin (D)
  A hobgoblin (D)
  A ball python (D)
17 creatures vanquished.

Notes
Turn   | Place    | Note
-------+----------+-------------------------------------------
     0 | D        | sircluck the Hill Orc Berserker began the quest for the
                  | Orb.
     0 | D        | Reached XP level 1. HP: 19/19 MP: 1/1
    17 | D        | Reached ** piety under Trog
    25 | D        | Reached skill level 5 in Axes
    41 | D        | Noticed a scorpion
    41 | D        | Noticed an iguana
    48 | D        | Killed a scorpion
    49 | D        | Reached skill level 7 in Axes
    49 | D        | Reached XP level 2. HP: 22/31 MP: 2/2
    49 | D        | Reached XP level 3. HP: 28/38 MP: 3/3
    49 | D        | Reached XP level 4. HP: 33/45 MP: 4/4
    55 | D        | Reached *** piety under Trog
    56 | D        | Reached skill level 8 in Axes
    71 | D        | Found a roughly hewn altar of Beogh.
    71 | D        | Found a snail-covered altar of Cheibriados.
    71 | D        | Found a shadowy altar of Dithmenos.
    71 | D        | Found a white marble altar of Elyvilon.
    71 | D        | Found a blossoming altar of Fedhas.
    71 | D        | Found an opulent altar of Gozag.
    74 | D        | Found a hazy altar of Hepliaklqana.
    75 | D        | Found a viscous altar of Jiyva.
    76 | D        | Found an ancient bone altar of Kikubaaqudgha.
    77 | D        | Found a corrupted altar of Lugonu.
    78 | D        | Found a burning altar of Makhleb.
    79 | D        | Found a sparkling altar of Nemelex Xobeh.
    80 | D        | Found an iron altar of Okawaru.
    81 | D        | Found a stormy altar of Qazlal.
    82 | D        | Found a sacrificial altar of Ru.
    83 | D        | Found a shimmering blue altar of Sif Muna.
    84 | D        | Found a bloodstained altar of Trog.
    85 | D        | Found a hide-covered altar of Uskayaw.
    86 | D        | Found a radiant altar of Vehumet.
    87 | D        | Found an ornate altar of the Wu Jian Council.
    88 | D        | Found a shimmering altar of Xom.
    89 | D        | Found a basalt altar of Yredelemnul.
    90 | D        | Found a glowing silver altar of Zin.
    91 | D        | Found a glowing golden altar of the Shining One.
   184 | D        | Noticed an orc warrior
   184 | D        | Noticed a two-headed ogre
   184 | D        | Noticed a two-headed ogre
   184 | D        | Noticed a yak
   184 | D        | Noticed a yak
   188 | D        | Killed a two-headed ogre
   188 | D        | Reached **** piety under Trog
   189 | D        | Reached skill level 14 in Axes
   189 | D        | Reached skill level 5 in Armour
   189 | D        | Reached skill level 5 in Dodging
   189 | D        | Reached XP level 5. HP: 62/62 MP: 5/5
   189 | D        | Reached XP level 6. HP: 70/70 MP: 6/6
   189 | D        | Reached XP level 7. HP: 77/77 MP: 7/7
   192 | D        | Killed a two-headed ogre
   193 | D        | Reached skill level 16 in Axes
   193 | D        | Reached XP level 8. HP: 86/86 MP: 8/8
   196 | D        | Killed a yak
   201 | D        | Killed a yak
   201 | D        | Reached ***** piety under Trog
   202 | D        | Reached XP level 9. HP: 60/95 MP: 9/9
   300 | D        | Noticed a centaur warrior
   300 | D        | Noticed a white ugly thing
   300 | D        | Noticed a two-headed ogre
   300 | D        | Noticed a kobold demonologist
   307 | D        | Killed a centaur warrior
   308 | D        | Reached skill level 17 in Axes
   310 | D        | HP: 4/144 [white ugly thing (29)]
   311 | D        | Slain by a white ugly thing

Illustrated notes

Levels and vault maps discovered:
D:        linesprint [early_d, line_temple, items_1, d_10, items_2, lair_1,
          lair_end, items_3, orc_1, orc_end, items_4, d_15, swamp_1, shoals_1,
          snake_1, spider_1, d_20, vaults_1, items_5, swamp_end, shoals_end,
          snake_end, spider_end, vaults_end, d_27, items_6, zot_1, zot_end,
          crypt_end, forest_end, elf_end, slime_end, tomb_end, abyss_end,
          pan_hell_end]

Skill      XL: |  1  2  3  4  5  6  7  8  9 |
---------------+----------------------------+-----
Fighting       | 6 12 13 14 | 14.8
Axes           | 7 14 16 17 | 17.8
Armour         | 3 5 6 7 |  7.5
Dodging        | 2 5 6 |  6.5

Action                     |  1- 3 |  4- 6 |  7- 9 || total
---------------------------+-------+-------+-------++-------
  Melee: Hand axe          |    23 |    16 |       ||    39
         War axe           |       |     3 |    20 ||    23
 Invoke: Berserk           |     1 |     1 |     1 ||     3
 Armour: Animal skin       |     4 |       |       ||     4
         Scale mail        |       |       |    12 ||    12
  Dodge: Dodged            |    16 |     7 |    11 ||    34

Table legend: (Time is in decaauts)
 A = Elapsed time spent in this place.
 B = Non-inter-level travel time spent in this place.
 C = Inter-level travel time spent in this place.
 D = Time resting spent in this place.
 E = Time spent auto-exploring this place.
 F = Levels seen in this place.
 G = Mean time per level.
                   A        B        C        D        E       F      G
               +--------+--------+--------+--------+--------+-----+--------+
         Total |    325 |    325 |      0 |     98 |     53 |   1 |  325.0 |
       Dungeon |    325 |    325 |      0 |     98 |     53 |   1 |  325.0 |
               +--------+--------+--------+--------+--------+-----+--------+

Top non-repeatable levels by time:
       D: 325 daAuts
